 Dungeon Crawl Stone Soup version 0.23.1 (webtiles) character file.

Game seed: 9892884895301493655

317 Borgoz the Cutter (level 6, -1/53 HPs)
             Began as a Ghoul Monk on Mar 8, 2019.
             Slain by an ice beast (2 damage)
             ... on level 5 of the Dungeon.
             The game lasted 00:06:11 (3609 turns).

Borgoz the Cutter (Ghoul Monk)                      Turns: 3609, Time: 00:06:12

Health: -1/53      AC:  5    Str: 15    XL:     6   Next: 44%
Magic:  5/5        EV: 13    Int:  6    God:
Gold:   167        SH:  0    Dex: 12    Spells: 5/5 levels left

rFire    . . .     SeeInvis +   r - +4 dagger
rCold    + . .     Gourm    .   (no shield)
rNeg     + + +     Faith    .   s - +0 leather armour
rPois    ∞         Spirit   .   (no helmet)
rElec    .         Reflect  .   (no cloak)
rCorr    .         Harm     .   (no gloves)
MR       .....                  b - +1 pair of boots
Stlth    ++........             (no amulet)
HPRegen  0.00/turn              h - ring of see invisible
MPRegen  0.09/turn              (no ring)

@: rotting
A: rotting body, claws 1, carnivore, cold resistance 1, negative energy
resistance 3, inhibited regeneration, torment resistance, unbreathing
a: no special abilities


You were on level 5 of the Dungeon.
You were not hungry.

You visited 1 branch of the dungeon, and saw 5 of its levels.

You collected 167 gold pieces.

Inventory:

Hand Weapons
 q - a +0 vampiric dagger
 r - a +4 dagger (weapon)
Armour
 b - a +1 pair of boots (worn)
 s - a +0 leather armour (worn)
 t - a +0 ring mail
Jewellery
 h - a ring of see invisible (left claw)
Scrolls
 d - a scroll of fog
 e - 3 scrolls of remove curse
 f - a scroll of enchant weapon
 g - a scroll of magic mapping
 k - a scroll of identify
 l - a scroll of amnesia
Comestibles
 c - 7 rations


   Skills:
 + Level 4.5 Fighting
 + Level 4.5 Short Blades
 + Level 0.7 Armour
 + Level 3.8 Dodging
 + Level 3.5 Stealth


You had 5 spell levels left.
You didn't know any spells.
Your spell library was empty.

Dungeon Overview and Level Annotations

Branches:
Dungeon (4/15)
 Temple: D:4-7

Altars:
Cheibriados
Dithmenos
Elyvilon
Hepliaklqana
Okawaru
Sif Muna
Uskayaw
Xom

Annotations:
D:5 Edmund


Innate Abilities, Weirdness & Mutations

Your body is rotting away.
You thrive on raw meat.
You are immune to poison.
You have sharp fingernails.
You are carnivorous and can eat meat at any time.
Your flesh is cold resistant. (rC+)
You are immune to negative energy. (rN+++)
You do not regenerate when monsters are visible.
You are immune to unholy pain and torment.
You can survive without breathing.


Message History

You hit the ice beast.
The ice beast is almost dead.
The ice beast hits you.
* * * LOW HITPOINT WARNING * * *
The ice beast freezes you. You resist.
* * * LOW HITPOINT WARNING * * *
You completely miss the ice beast.
The ice beast is almost dead.
The ice beast hits you.
* * * LOW HITPOINT WARNING * * *
The ice beast freezes you. You resist.
* * * LOW HITPOINT WARNING * * *
You completely miss the ice beast.
The ice beast is almost dead.
You hit the ice beast.
The ice beast is almost dead.
The ice beast hits you.
* * * LOW HITPOINT WARNING * * *
The ice beast freezes you. You resist.
You die...

#############
####...Y@.^.....
#.....#########.
#########.##..#
..............#
#########.#.#.#
#.....# #.#.###
#.#.# ##.##
#.#..


You could see an ice beast.

Vanquished Creatures
  2 hounds
  An orc wizard (D:3)
  A bullfrog skeleton (D:5)
  Terence (D:3)
  3 worker ants
  An adder (D:3)
  2 worms (D:2)
  2 dart slugs
  4 leopard geckos
  9 orcs
  4 giant cockroaches
  12 goblins
  7 hobgoblins
  3 jackals (D:3)
  2 ball pythons
  6 bats
  A frilled lizard (D:1)
  5 kobolds (D:1)
  13 rats
79 creatures vanquished.

Notes
Turn   | Place    | Note
-------+----------+-------------------------------------------
     0 | D:1      | Borgoz the Ghoul Monk began the quest for the Orb.
     0 | D:1      | Reached XP level 1. HP: 19/19 MP: 0/0
    84 | D:1      | Reached XP level 2. HP: 17/26 MP: 1/1
   684 | D:1      | Reached XP level 3. HP: 14/33 MP: 2/2
  1054 | D:2      | Found a hazy altar of Hepliaklqana.
  1055 | D:2      | Found a deep blue altar of Sif Muna.
  1055 | D:2      | Found a white marble altar of Elyvilon.
  1056 | D:2      | Found an iron altar of Okawaru.
  1180 | D:2      | Found a shadowy altar of Dithmenos.
  1198 | D:2      | Reached XP level 4. HP: 11/40 MP: 3/3
  2030 | D:2      | Found a hazy altar of Hepliaklqana.
  2032 | D:2      | Found a hide-covered altar of Uskayaw.
  2032 | D:2      | Found a shimmering altar of Xom.
  2034 | D:2      | Found a snail-covered altar of Cheibriados.
  2034 | D:2      | Found a shadowy altar of Dithmenos.
  2034 | D:2      | Found a deep blue altar of Sif Muna.
  2352 | D:3      | Found a faded altar of an unknown god.
  2520 | D:3      | Noticed Terence
  2538 | D:3      | Killed Terence
  2538 | D:3      | Reached XP level 5. HP: 14/46 MP: 4/4
  3443 | D:4      | Reached XP level 6. HP: 29/53 MP: 5/5
  3488 | D:4      | You fall through a shaft!
  3488 | D:5      | Entered Level 5 of the Dungeon
  3489 | D:5      | Noticed Edmund
  3500 | D:5      | Noticed an ice beast
  3609 | D:5      | HP: 1/53 [ice beast (3)]
  3609 | D:5      | Slain by an ice beast

Skill      XL: |  1  2  3  4  5 |
---------------+----------------+-----
Short Blades   | 3 4 |  4.5
Dodging        | 3 |  3.8
Fighting       | 4 |  4.5
Stealth        | 3 |  3.5
Armour         | |  0.7

Action                   |  1- 3 |  4- 6 || total
-------------------------+-------+-------++-------
Melee: Short sword       |   156 |   163 ||   319
       Dagger            |       |   101 ||   101
  Use: Potion            |       |     7 ||     7
       Scroll            |       |     8 ||     8
 Stab: Sleeping          |     2 |    12 ||    14
       Distracted        |       |     1 ||     1
  Eat: Chunk             |     6 |    14 ||    20
Armor: Robe              |    29 |    14 ||    43
       Leather armour    |       |    18 ||    18
Dodge: Dodged            |   106 |   129 ||   235
